 Dungeon Crawl Stone Soup version 0.26-a0-1164-g1a551d6a14 (webtiles) character file.

Game seed: 931141040279530300

49 vvl the Slasher (level 3, -2/29 HPs)
             Began as a Demonspawn Fighter on Dec 24, 2020.
             Was an Initiate of Kikubaaqudgha.
             Slain by a worm (7 damage)
             ... on level 2 of the Dungeon.
             The game lasted 00:03:53 (1531 turns).

vvl the Slasher (Demonspawn Fighter)                Turns: 1531, Time: 00:03:54

Health: -2/29      AC:  8    Str: 17    XL:     3   Next: 51%
Magic:  3/3        EV:  6    Int:  9    God:    Kikubaaqudgha [......]
Gold:   62         SH:  8    Dex: 12    Spells: 2/2 levels left

rFire    + . .     SeeInvis .   a - +0 long sword
rCold    x . .     Faith    .   c - +0 kite shield
rNeg     . . .     Spirit   .   b - +0 scale mail
rPois    .         Reflect  .   (no helmet)
rElec    .         Harm     .   (no cloak)
rCorr    .         Rampage  .   (no gloves)
Will     .....                  (no boots)
Stlth    ..........             (no amulet)
HPRegen  0.09/turn              l - ring of fire
MPRegen  0.08/turn              k - ring of attention (curse)

@: no status effects
A: slimy green scales 1, miasma immunity
a: Renounce Religion


You were on level 2 of the Dungeon.
You worshipped Kikubaaqudgha.
Kikubaaqudgha was noncommittal.
You visited 1 branch of the dungeon, and saw 2 of its levels.

You collected 62 gold pieces.

Inventory:

Hand Weapons
 a - a +0 long sword (weapon)
Armour
 b - a +0 scale mail (worn)
 c - a +0 kite shield (worn)
Jewellery
 k - a cursed ring of attention (right hand)
 l - a ring of fire (left hand)
 q - an uncursed ring of fire
Scrolls
 e - 2 scrolls of magic mapping
 g - a scroll of fog
 h - a scroll of identify
 n - a scroll of fear
 o - a scroll of teleportation
Potions
 d - 2 potions of might
 f - 4 potions of curing {unknown}
 i - a potion of flight {unknown}
 j - a potion of attraction {unknown}
 m - a potion of haste {unknown}
 p - a potion of degeneration {unknown}
 r - a potion of brilliance {unknown}


   Skills:
 - Level 3.0 Fighting
 * Level 3.1 Long Blades
 - Level 2.6 Armour
 - Level 2.6 Shields
 + Level 1.8 Necromancy


You had 2 spell levels left.
You didn't know any spells.
Your spell library was empty.

Dungeon Overview and Level Annotations

Branches:
Dungeon (2/15)

Altars:
Cheibriados
Kikubaaqudgha
Ru


Innate Abilities, Weirdness & Mutations

You are partially covered in slimy green scales. (AC +2)
You are immune to miasma.


Message History

You hit the worm but do no damage.
The worm is moderately wounded.
The worm closely misses you.
Your shield prevents you from hitting the worm.
The worm is moderately wounded.
The worm bites you.
* * * LOW HITPOINT WARNING * * *
You hit the worm.
The worm is moderately wounded.
You block the worm's attack.
You barely miss the worm.
The worm is moderately wounded.
You hit the worm.
The worm is heavily wounded.
The worm bites you but does no damage.
You completely miss the worm.
The worm is heavily wounded.
The worm bites you!
You die...
Kikubaaqudgha rasps: "You have failed me!
Welcome... death!"

*****###.## ##..._..#
*,,,,,....## ##....##
*,**##.....#####'###
*,* #......#.......#
#.###......#.###.#.#
#.........##.....#.###
#####.######..#......^
#w# #.......###
#@######..#....#
#..............#
############.### #.#
#.# #.##### #.....†
#..#### #..####


You could see a worm.

Vanquished Creatures
  An adder (D:2)
  An ooze (D:2)
  A worm (D:2)
  A leopard gecko (D:1)
  4 giant cockroaches
  7 goblins
  3 hobgoblins (D:2)
  A quokka (D:2)
  A ball python (D:2)
  4 bats
  3 frilled lizards
  A kobold (D:1)
  2 rats
30 creatures vanquished.

Notes
Turn   | Place    | Note
-------+----------+-------------------------------------------
     0 | D:1      | vvl the Demonspawn Fighter began the quest for the Orb.
     0 | D:1      | Reached XP level 1. HP: 18/18 MP: 1/1
   188 | D:1      | Gained mutation: You are partially covered in slimy green
                  | scales. (AC +2) [demonic ancestry]
   188 | D:1      | Reached XP level 2. HP: 11/24 MP: 2/2
   354 | D:1      | Reached skill level 1 in Necromancy
   957 | D:2      | Gained mutation: You are immune to miasma. [demonic
                  | ancestry]
   957 | D:2      | Reached XP level 3. HP: 29/29 MP: 3/3
   962 | D:2      | Found an ancient bone altar of Kikubaaqudgha.
   962 | D:2      | Found a sacrificial altar of Ru.
   965 | D:2      | Became a worshipper of Kikubaaqudgha
  1008 | D:2      | Found a snail-covered altar of Cheibriados.
  1531 | D:2      | Slain by a worm

Illustrated notes

Levels and vault maps discovered:
D:1:      nagdon_arrival_double_spiral, layout_rooms, corner_web_ring
D:2:      layout_loops_corners, cheibriados_altar_1,
          gammafunk_temple_overflow_elements

Skill      XL: |  1  2  3 |
---------------+----------+-----
Long Blades    | 2 3 |  3.1
Necromancy     | 1 |  1.8
Fighting       | |  3.0
Armour         | |  2.6
Shields        | |  2.6

Action                   || total
-------------------------++-------
Melee: Long sword        ||   105
  Use: Scroll            ||     4
Armor: Scale mail        ||    44
Dodge: Dodged            ||    36
Block: Kite shield       ||    43
       Rpst.: Long sword ||    12

Table legend: (Time is in decaauts)
 A = Elapsed time spent in this place.
 B = Non-inter-level travel time spent in this place.
 C = Inter-level travel time spent in this place.
 D = Time resting spent in this place.
 E = Time spent auto-exploring this place.
 F = Levels seen in this place.
 G = Mean time per level.
                   A        B        C        D        E       F      G
               +--------+--------+--------+--------+--------+-----+--------+
         Total |   1573 |   1551 |     22 |      0 |   1314 |   2 |  786.5 |
       Dungeon |   1573 |   1551 |     22 |      0 |   1314 |   2 |  786.5 |
               +--------+--------+--------+--------+--------+-----+--------+

Top non-repeatable levels by time:
     D:2: 886 daAuts
     D:1: 686 daAuts
